 Dungeon Crawl Stone Soup version 0.28-a0-1518-gbe868bca14 (webtiles) character file.

Game seed: 11296664347158018469

224 knot the Chopper (level 5, 16/41 HPs)
             Began as a Demonspawn Berserker on Jan 17, 2022.
             Was a Believer of Trog.
             Quit the game in a sewer.
             The game lasted 00:03:46 (3248 turns).

knot the Chopper (Demonspawn Berserker)             Turns: 3248, Time: 00:03:47

Health: 16/41      AC:  4    Str: 17    XL:     5   Next: 67%
Magic:  5/5        EV: 12    Int: 11    God:    Trog [**....]
Gold:   52         SH:  0    Dex: 12    Spells: 4/4 levels left

rFire   . . .      SeeInvis .   a - +0 hand axe
rCold   . . .      Faith    .   (no shield)
rNeg    . . .      Spirit   .   b - +0 animal skin
rPois   .          Reflect  .   (no helmet)
rElec   .          Harm     .   (no cloak)
rCorr   .          Rampage  .   (no gloves)
Will    .....                   (no boots)
Stlth   +.........              (no amulet)
HPRegen 0.13/turn               (no ring)
MPRegen 0.09/turn               (no ring)

@: no status effects
A: molten scales 1, weakness stinger 2
a: Renounce Religion, Berserk, Trog's Hand


You were in a sewer.
You worshipped Trog.
Trog was pleased with you.
You visited 1 branch of the dungeon, and saw 3 of its levels.
You also visited: Sewer.

You collected 52 gold pieces.

Inventory:

Hand Weapons
 a - a +0 hand axe (weapon)
Missiles
 e - 41 stones (quivered)
Armour
 b - a +0 animal skin (worn)
Wands
 i - a wand of flame (22)
Scrolls
 c - a scroll of fog {unknown}
 f - 4 scrolls of identify {unknown}
Potions
 k - a potion of resistance


   Skills:
 - Level 3.0 Fighting
 + Level 5.9 Axes
 - Level 1.7 Armour
 - Level 1.7 Dodging


You had 4 spell levels left.
You didn't know any spells.
Your spell library was empty.

Dungeon Overview and Level Annotations

Branches:
Dungeon (3/15)              Sewer (1/1)

Altars:

Shops:
D:1 =


Innate Abilities, Weirdness & Mutations

You are partially covered in molten scales. (AC +2)
You have a tail ending in a sharp stinger.


Message History

You see here 2 potions of berserk rage.
The water moccasin bites you! The water moccasin bites you.
The water moccasin closely misses you.
A red film seems to cover your vision as you go berserk!
You feel yourself moving faster!
You feel mighty! The water moccasin bites you.
You are poisoned.
The water moccasin poisons you!
You slash the water moccasin!
The water moccasin is heavily wounded.
You feel very sick. The water moccasin bites you.
You slash the water moccasin!
The water moccasin is severely wounded.
You feel very sick. The water moccasin barely misses you.
You slash the water moccasin!
You kill the water moccasin!
Trog accepts your kill.
You feel sick.
You feel your strength returning.
You feel your dexterity returning.
You have reached level 5!
Your demonic ancestry asserts itself...
Molten scales grow over part of your body.
You start resting.
You feel sick.
You feel a strong urge to attack something.
You feel sick.
You start resting.
You feel sick.
You feel your anger nearly subside.
You are no longer berserk.
You are exhausted.
You feel yourself slow down.
You feel sick.
You start resting.
You feel sick. x4
You are no longer poisoned.
You start resting.
You feel yourself speed up.
You start resting.
You recover from your berserk rage.
Unknown command.
Unknown command.
Are you sure you want to abandon this character and quit the game? (Confirm with "yes".)

#.......# .......
..... ... #.#
####### #!#
##.....## #.#
##...≈...##
#.#######...≈≈≈..÷##
#....@....†≈≈≈≈≈.÷∩#
#.#######...≈≈≈..÷##
#.# ##...≈...## #.#
##.....## #.#
####### #.# #.# #∩#


There were no monsters in sight!

Vanquished Creatures
  A water moccasin (Sewer)
  5 adders
  3 dart slugs
  2 orcs (D:3)
  An endoplasm (D:2)
  7 giant cockroaches
  5 goblins
  5 hobgoblins
  6 jackals
  2 quokkas
  2 ball pythons (D:3)
  7 bats
  2 frilled lizards (D:2)
  5 kobolds
  6 rats
59 creatures vanquished.

Notes
Turn   | Place    | Note
-------+----------+-------------------------------------------
     0 | D:1      | knot the Demonspawn Berserker began the quest for the Orb.
     0 | D:1      | Reached XP level 1. HP: 18/18 MP: 1/1
   131 | D:1      | Reached skill level 3 in Axes
   162 | D:1      | Gained mutation: You have a small tail. [demonic ancestry]
   162 | D:1      | Reached XP level 2. HP: 23/24 MP: 2/2
   339 | D:1      | Found a faded altar of an unknown god.
   366 | D:1      | Found Toseuz's Jewellery Shoppe.
  1256 | D:2      | Reached skill level 4 in Axes
  1256 | D:2      | Gained mutation: You have a tail ending in a sharp stinger.
                  | [demonic ancestry]
  1256 | D:2      | Reached XP level 3. HP: 28/29 MP: 3/3
  1607 | D:2      | Reached ** piety under Trog
  2067 | D:2      | Reached XP level 4. HP: 21/35 MP: 4/4
  2901 | D:3      | Found a glowing drain.
  2920 | Sewer    | Entered a sewer
  2942 | Sewer    | Reached skill level 5 in Axes
  3190 | Sewer    | Noticed a water moccasin
  3202 | Sewer    | Killed a water moccasin
  3203 | Sewer    | Gained mutation: You are partially covered in molten
                  | scales. (AC +2) [demonic ancestry]
  3203 | Sewer    | Reached XP level 5. HP: 28/41 MP: 5/5
  3248 | Sewer    | Quit the game

Illustrated notes

Levels and vault maps discovered:
D:1:      wander_arrival_abandoned_jail, layout_basic,
          ebering_ecumenical_altar_hall, serial_shops, nicolae_lakefront_shop,
          st_stairs_14
D:2:      kennysheep_big_flooded_room, layout_basic, kennysheep_crisscross,
          minmay_tripent
D:3:      corexii_shack_village, layout_basic, portal_sewer_entry_b
Sewer:    sewer_big_baddie

Skill      XL: |  1  2  3  4 |
---------------+-------------+-----
Axes           | 3 4 5 |  5.9
Fighting       | |  3.0
Armour         | |  1.7
Dodging        | |  1.7

Action                   |  1- 3 |  4- 6 || total
-------------------------+-------+-------++-------
Melee: Hand axe          |    97 |    64 ||   161
       Tailslap          |     8 |     4 ||    12
Invok: Berserk           |     2 |     3 ||     5
       Trog's Hand       |       |     1 ||     1
  Use: Potion            |       |     5 ||     5
       Scroll            |       |     1 ||     1
Armor: Animal skin       |     7 |    28 ||    35
       Skin              |       |    20 ||    20
Dodge: Dodged            |    64 |    64 ||   128

Table legend: (Time is in decaauts)
 A = Elapsed time spent in this place.
 B = Non-inter-level travel time spent in this place.
 C = Inter-level travel time spent in this place.
 D = Time resting spent in this place.
 E = Time spent auto-exploring this place.
 F = Levels seen in this place.
 G = Mean time per level.
                   A        B        C        D        E       F      G
               +--------+--------+--------+--------+--------+-----+--------+
         Total |   3299 |   3189 |    110 |    740 |   2026 |   4 |  824.8 |
       Dungeon |   2958 |   2848 |    110 |    468 |   2023 |   3 |  986.0 |
         Sewer |    340 |    340 |      0 |    271 |      3 |   1 |  340.0 |
               +--------+--------+--------+--------+--------+-----+--------+

Top non-repeatable levels by time:
     D:2: 1625 daAuts
     D:1: 1090 daAuts
   Sewer: 340 daAuts
     D:3: 242 daAuts
